 Dungeon Crawl Stone Soup version 0.24.0 (webtiles) character file.

Game seed: 10610667422854685021, levelgen mode: deterministic

45 RonnieColeman the Conjurer (level 3, 0/21 HPs)
             Began as an Octopode Conjurer on Jan 20, 2020.
             Slain by Terence
             ... wielding a +1 hand axe of chopping
              (2 damage)
             ... on level 2 of the Dungeon.
             The game lasted 00:02:28 (1392 turns).

RonnieColeman the Conjurer (Octopode Conjurer)      Turns: 1392, Time: 00:02:29

Health: 0/21       AC:  1    Str:  7    XL:     3   Next: 64%
Magic:  7/7        EV: 13    Int: 18    God:
Gold:   105        SH:  0    Dex: 12    Spells: 7/8 levels left

rFire    . . .     SeeInvis .   i - +0 spear
rCold    . . .     Gourm    .   (no shield)
rNeg     . . .     Faith    .   (helmet restricted)
rPois    .         Spirit   .   (no amulet)
rElec    .         Reflect  .   g - ring of resist corrosion
rCorr    +         Harm     .   (no ring)
MR       .....                  (no ring)
Stlth    +++.......             (no ring)
HPRegen  0.07/turn              (no ring)
MPRegen  0.10/turn              (no ring)
                                (no ring)
                                (no ring)

@: no status effects
A: almost no armour, stealthy swim, amphibious, 8 rings, constrict 8, camouflage
1, gelatinous body 1
a: no special abilities


You were on level 2 of the Dungeon.
You were hungry.

You visited 1 branch of the dungeon, and saw 2 of its levels.

You collected 105 gold pieces.

Inventory:

Hand Weapons
 d - a +0 short sword
 i - a +0 spear (weapon)
Jewellery
 g - a ring of resist corrosion (left tentacle)
Scrolls
 e - a scroll of identify {unknown}
 h - a scroll of enchant armour {unknown}
 k - a scroll of magic mapping {unknown}
 l - a scroll of teleportation {unknown}
Potions
 a - a potion of berserk rage {unknown}
 c - a potion of degeneration {unknown}
 f - a potion of flight {unknown}
 j - a potion of heal wounds {unknown}
 m - a potion of haste {unknown}
Comestibles
 b - 3 rations


   Skills:
 - Level 2.0 Dodging
 - Level 2.6 Stealth
 * Level 3.2 Spellcasting
 + Level 4.4 Conjurations


You had 7 spell levels left.
You knew the following spells:

 Your Spells              Type           Power        Failure   Level  Hunger
a - Magic Dart            Conj           ###.         2%          1    None

Your spell library contained the following spells:

 Spells                   Type           Power        Failure   Level  Hunger
 Searing Ray              Conj           ###...       4%          2    ##.....
 Dazzling Spray           Conj/Hex       ##....       19%         3    ###....
 Iskenderun's Mystic Bla  Conj           ###.....     26%         4    ####...
 Force Lance              Conj/Tloc      ##......     54%         4    ####...
 Fulminant Prism          Conj/Hex       ##........   54%         4    ####...


Dungeon Overview and Level Annotations

Branches:
Dungeon (2/15)

Altars:

Annotations:
D:2 Terence


Innate Abilities, Weirdness & Mutations

You cannot wear most types of armour.
You are very stealthy in the water. (Stealth+)
You are amphibious.
You can wear up to eight rings at the same time.
You can use your tentacles to constrict eight enemies at once.
Your skin changes colour to match your surroundings (Stealth+).
Your rubbery body absorbs attacks. (AC +1, EV +1)


Message History

Terence is moderately wounded.
You constrict Terence, but do no damage.
Terence closely misses you.
You hit Terence but do no damage.
Terence is moderately wounded.
You constrict Terence, but do no damage.
Terence shouts, "ATTACK!!!"
Terence barely misses you.
You hit Terence.
Terence is moderately wounded.
You constrict Terence. Terence barely misses you.
You hit Terence but do no damage.
Terence is heavily wounded.
You constrict Terence. Terence closely misses you.
You hit Terence but do no damage.
Terence is severely wounded.
You constrict Terence, but do no damage.
Terence hits you with a +1 hand axe of chopping!
* * * LOW HITPOINT WARNING * * *
You die...

###..###.......#
#.....#w......#
#...#.#.......#
#....<#.......# #....
#.####### ##...#
#.########
#....#.#........#
#...@..########.#
#.#@########....#
#.#.............####
#.#..#######........
#.........##....)...
##........###.#.....
#.###........# #.#.....
#.....>......# #.#.....
#............###.#.####
#.#####..............#


You could see Terence.

Vanquished Creatures
  An ooze (D:1)
  A worm (D:2)
  A dart slug (D:1)
  7 bats (D:1)
  2 giant cockroaches (D:1)
  4 goblins (D:1)
  3 hobgoblins (D:1)
  2 jackals (D:1)
  2 ball pythons
  5 frilled lizards
  3 kobolds
  3 rats (D:1)
34 creatures vanquished.

Notes
Turn   | Place    | Note
-------+----------+-------------------------------------------
     0 | D:1      | RonnieColeman the Octopode Conjurer began the quest for the
                  | Orb.
     0 | D:1      | Reached XP level 1. HP: 11/11 MP: 3/3
   325 | D:1      | Reached XP level 2. HP: 17/17 MP: 5/5
   464 | D:1      | Reached XP level 3. HP: 16/21 MP: 7/7
  1382 | D:2      | Noticed Terence
  1392 | D:2      | Slain by Terence

Levels and vault maps discovered:
D:1:      eino_arrival_cavern_b, layout_loops_ring
D:2:      layout_basic, nicolae_tso_carved_into_rock, uniq_terence
